[Event "Titled Tuesday Blitz April 26 Early 2022"]
[White "Willow, Jonah B"]
[Black "Gunduz, Umut Erdem"]
[WhiteFideId "438804"]
[BlackFideId "6381383"]
[WhiteElo "2261"]
[BlackElo "2099"]
[Result "0-1"]
[Round "02"]
[TimeControl "180+1"]
[Date "2022.04.26"]
[WhiteClock "0:00:02"]
[BlackClock "0:00:05"]

1. e4 e5 2. Nf3 Nc6 3. Nc3 Nf6 4. Bb5 Bb4 5. O-O O-O 6. d3 d6 7. Bg5 Ne7 8. Nh4 c6 9. Bc4 d5 10. Bb3 Bxc3 11. bxc3 Qd6 12. f4 exf4 13. Qe1 dxe4 14. Bxf4 Qc5+ 15. Be3 Qh5 16. Bd4 Ng6 17. Nxg6 hxg6 18. dxe4 Ng4 19. h3 Ne5 20. Qe3 Nd7 21. Qg3 c5 22. Be3 Ne5 23. Bd5 Be6 24. Bxc5 Rfd8 25. Bxe6 fxe6 26. Bd4 Nc6 27. Qc7 Nxd4 28. cxd4 Rac8 29. Qxb7 Rxc2 30. Qe7 Rxd4 31. Qxe6+ Kh7 32. Rf8 Qe2 33. Qg4 Qxg4 34. hxg4 Kh6 35. Rf7 a5 36. Ra7 a4 37. Ra5 Rxe4 38. Rf1 Rxg4 39. Rf8 Rgxg2+ 40. Kf1 Kh7 41. Rf4 g5 42. Rff5 Kh6 43. Ra6+ g6 44. Rff6 Rxa2 45. Rxg6+ Kh5 46. Rh6+ Kg4 47. Rhf6 Kg3 48. Rfe6 Ra1+ 49. Re1 Rf2+ 0-1


[Site "https://www.chess.com"]

[Event "Titled Tuesday Blitz April 26 Early 2022"]
[White "Yang, Kaiqi"]
[Black "volunteers1998"]
[WhiteFideId "8604398"]
[WhiteElo "2373"]
[BlackElo "2293"]
[Result "1-0"]
[Round "02"]
[TimeControl "180+1"]
[Date "2022.04.26"]
[WhiteClock "0:00:35"]
[BlackClock "0:00:06"]

1. e4 c5 2. Nf3 Nc6 3. Bb5 d6 4. O-O Bd7 5. Re1 e6 6. c3 Nf6 7. d4 cxd4 8. cxd4 a6 9. Bf1 Be7 10. Nc3 O-O 11. h3 b5 12. a3 Rc8 13. Bf4 Qb6 14. d5 Na5 15. dxe6 fxe6 16. e5 Ne8 17. Be3 Qb7 18. exd6 Nxd6 19. Ne5 Nac4 20. Bxc4 bxc4 21. Bg5 Be8 22. Bxe7 Qxe7 23. Qe2 Nf5 24. Rad1 Bb5 25. a4 Bc6 26. Nxc6 Rxc6 27. Qe5 Rd8 28. Qxf5 Rxd1 29. Nxd1 1-0


[Site "https://www.chess.com"]

[Event "Titled Tuesday Blitz April 26 Early 2022"]
[White "Abarca Gonzalez, Nicolas"]
[Black "Terry, Renato"]
[WhiteFideId "3409422"]
[BlackFideId "3803457"]
[WhiteElo "2504"]
[BlackElo "2577"]
[Result "0-1"]
[Round "03"]
[TimeControl "180+1"]
[Date "2022.04.26"]
[WhiteClock "0:00:02"]
[BlackClock "0:00:54"]

1. e4 g6 2. d4 Bg7 3. Nc3 c6 4. h4 d5 5. exd5 cxd5 6. h5 Nc6 7. Be3 Nh6 8. Bb5 Nf5 9. h6 Bf6 10. Nf3 Nxe3 11. fxe3 Bg4 12. Qd2 e6 13. O-O-O Bxf3 14. gxf3 Rc8 15. e4 O-O 16. e5 Be7 17. f4 Na5 18. Kb1 Qb6 19. f5 Rxc3 20. Qxc3 Qxb5 21. fxe6 fxe6 22. Rdg1 Nc6 23. Ka1 Qe2 24. Qh3 Nxd4 25. c3 Nf5 26. Re1 Qc4 27. Rhg1 b5 28. Rg4 Qc8 29. Qg2 Kh8 30. Qe2 a6 31. Qd3 Qc5 32. Reg1 Qe3 33. Qd2 Qxd2 0-1


[Site "https://www.chess.com"]

[Event "Titled Tuesday Blitz April 26 Early 2022"]
[White "Abdrlauf, Elham"]
[Black "Reprintsev, Alexander"]
[WhiteFideId "1533533"]
[BlackFideId "14100541"]
[WhiteElo "2334"]
[BlackElo "2108"]
[Result "1-0"]
[Round "03"]
[TimeControl "180+1"]
[Date "2022.04.26"]
[WhiteClock "0:01:00"]
[BlackClock "0:01:30"]

1. e4 d5 2. exd5 Qxd5 3. Nc3 Qa5 4. d4 Nf6 5. Nf3 Nc6 6. Bb5 Ne4 7. Bxc6+ bxc6 8. O-O Nxc3 9. bxc3 Bf5 10. Bd2 Qa4 11. Re1 Qxc2 12. Qe2 e6 13. Qc4 Bd6 14. Qxc6+ Ke7 15. c4 Rhc8 16. c5 Kf8 17. Rac1 Qxa2 18. cxd6 cxd6 19. Qxd6+ Kg8 20. h3 h6 21. Qg3 Kh8 22. Bf4 a5 23. Ne5 f6 24. Nf7+ Kh7 25. Nd6 Rxc1 26. Rxc1 Bg6 27. Rc7 Qd5 28. Qh4 Qxd4 29. Qxh6+ 1-0


[Site "https://www.chess.com"]

[Event "Titled Tuesday Blitz April 26 Early 2022"]
[White "Abdusattorov, Nodirbek"]
[Black "Oganian, Miran"]
[WhiteFideId "14204118"]
[BlackFideId "4122488"]
[WhiteElo "2663"]
[BlackElo "2357"]
[Result "1-0"]
[Round "03"]
[TimeControl "180+1"]
[Date "2022.04.26"]
[WhiteClock "0:00:21"]
[BlackClock "0:00:03"]

1. c4 e6 2. Nc3 d5 3. d4 a6 4. Nf3 Nf6 5. cxd5 exd5 6. Bg5 c6 7. e3 Be7 8. Bd3 Nbd7 9. O-O O-O 10. h3 Re8 11. Qc2 Nf8 12. Ne5 N6d7 13. Bxe7 Rxe7 14. Nf3 Nf6 15. b4 Qd6 16. Rab1 Ng6 17. a4 Bd7 18. b5 axb5 19. axb5 c5 20. dxc5 Qxc5 21. Rfc1 Qd6 22. Ne2 Ne4 23. Ned4 Qf6 24. Ra1 Rae8 25. Ra7 Nd6 26. Qa2 Be6 27. Nxe6 fxe6 28. Ra8 Ne5 29. Nxe5 Qxe5 30. b6 Rxa8 31. Qxa8+ Re8 32. Qa4 Rf8 33. Qh4 Nf5 34. Bxf5 Qxf5 35. Rc7 Qb1+ 36. Kh2 Qxb6 37. Qe7 Qb2 38. Qxe6+ Kh8 39. Rf7 Rg8 40. Qxd5 b5 41. f4 b4 42. Rb7 Qc3 43. Qd4 Qxd4 44. exd4 Rd8 45. Rxb4 Kg8 46. Kg3 Kf7 47. Kf3 Kf6 48. g4 Ra8 49. h4 Ra3+ 50. Ke4 Ra1 51. Rb6+ Kf7 52. h5 h6 53. d5 Ra7 54. Kf5 Rd7 55. Ke5 Re7+ 56. Re6 Ra7 57. g5 hxg5 58. fxg5 Ra1 59. g6+ Kf8 60. Kd6 Ra6+ 61. Kd7 Ra7+ 62. Kd8 Ra8+ 63. Kc7 Ra7+ 64. Kb6 Ra4 65. d6 Rd4 66. Kc6 Rc4+ 67. Kd7 Re4 68. Rxe4 Kg8 69. Re8# 1-0


[Site "https://www.chess.com"]

[Event "Titled Tuesday Blitz April 26 Early 2022"]
[White "Aggelis, Nikolaos"]
[Black "Samaganova, Aleksandra"]
[WhiteFideId "4213220"]
[BlackFideId "13800221"]
[WhiteElo "2154"]
[BlackElo "1859"]
[Result "1-0"]
[Round "03"]
[TimeControl "180+1"]
[Date "2022.04.26"]
[WhiteClock "0:00:24"]
[BlackClock "0:00:01"]

1. d4 Nf6 2. g3 e6 3. Bg2 c5 4. Nf3 cxd4 5. O-O d5 6. Nxd4 Be7 7. c4 O-O 8. cxd5 exd5 9. Nc3 Nc6 10. a3 h6 11. b4 Re8 12. Bb2 Bg4 13. h3 Bh5 14. Re1 Bg6 15. Rc1 Rc8 16. Na4 Nxd4 17. Qxd4 Rxc1 18. Rxc1 b6 19. e3 Qd7 20. Nc3 Rd8 21. Ne2 Ne8 22. Qd2 Be4 23. Rd1 Bxg2 24. Kxg2 Bf6 25. Nf4 Bxb2 26. Qxb2 Nf6 27. Qe5 Re8 28. Qd4 Rd8 29. Rc1 Ne4 30. Qe5 Re8 31. Qc7 Re7 32. Qxd7 Rxd7 33. Rc8+ Kh7 34. Ne2 Nd6 35. Ra8 Nb5 36. a4 Na3 37. Nd4 Nc4 38. Kf3 Nb2 39. a5 bxa5 40. bxa5 Nc4 41. a6 Nd2+ 42. Ke2 Ne4 43. Nb5 Nc5 44. Rxa7 Rxa7 45. Nxa7 Nxa6 46. Kd3 Kg6 47. Kd4 Nc7 48. Kc5 Kf6 49. Kd6 Ne6 50. Kxd5 Ng5 51. h4 Nh3 52. f4 Nf2 53. Nc6 h5 54. Nd4 Nh1 55. Ne2 Kf5 56. Kd6 1-0


[Site "https://www.chess.com"]

[Event "Titled Tuesday Blitz April 26 Early 2022"]
[White "Allahverdiyeva, Ayan"]
[Black "Martic, Ivan"]
[WhiteFideId "13412590"]
[BlackFideId "929301"]
[WhiteElo "1910"]
[BlackElo "2317"]
[Result "0-1"]
[Round "03"]
[TimeControl "180+1"]
[Date "2022.04.26"]
[WhiteClock "0:00:01"]
[BlackClock "0:01:10"]

1. e4 c5 2. Nf3 Nc6 3. d4 cxd4 4. Nxd4 Qb6 5. Nb3 Nf6 6. Nc3 e6 7. Bf4 Bb4 8. Bd3 d5 9. exd5 Nxd5 10. Bd2 Nxc3 11. bxc3 Be7 12. Qh5 g6 13. Qh6 Bf8 14. Qf4 Bg7 15. h4 h5 16. Be3 Qd8 17. Bc5 b6 18. Ba3 Bxc3+ 19. Ke2 Bb7 20. Rad1 Qb8 21. Qg5 Qe5+ 22. Qxe5 Bxe5 23. Bb5 a6 24. Bxc6+ Bxc6 25. Bd6 Bf6 26. f3 Rc8 27. Nd4 Bd5 28. Rd2 Bxd4 29. Rxd4 Rxc2+ 30. Kd3 Rxa2 31. Be5 O-O 32. g4 hxg4 33. h5 Ra3+ 34. Kd2 Bxf3 35. Rh4 g5 36. Rh2 f6 37. Bd6 Ra2+ 38. Ke3 Rxh2 39. h6 Re2+ 40. Kd3 Rd8 41. h7+ Kxh7 0-1


[Site "https://www.chess.com"]

[Event "Titled Tuesday Blitz April 26 Early 2022"]
[White "Al-Tarboush, Ward"]
[Black "Daneshvar, Bardiya"]
[WhiteFideId "7601450"]
[BlackFideId "12576468"]
[WhiteElo "2276"]
[BlackElo "2330"]
[Result "0-1"]
[Round "03"]
[TimeControl "180+1"]
[Date "2022.04.26"]
[WhiteClock "0:00:18"]
[BlackClock "0:01:18"]

1. e4 Nf6 2. e5 Nd5 3. d4 d6 4. Nf3 g6 5. Be2 Bg7 6. O-O O-O 7. c4 Nb6 8. Nc3 Nc6 9. exd6 cxd6 10. Be3 Bg4 11. b3 d5 12. c5 Nc8 13. h3 Bxf3 14. Bxf3 e6 15. b4 N8e7 16. b5 Na5 17. Bf4 Nf5 18. Ne2 Nc4 19. Qd3 a6 20. b6 Rc8 21. Rac1 Qf6 22. Bc7 Na5 23. Be5 Qh4 24. Bxg7 Kxg7 25. Bg4 Nh6 26. Qg3 Qxg3 27. Nxg3 Nc6 28. Ne2 f5 29. Bf3 Nf7 30. g3 Kf6 31. Bg2 Ng5 32. f4 Ne4 33. Bxe4 dxe4 34. Kf2 Rfd8 35. Ke3 Rd7 36. Rfd1 Rcd8 37. a3 Ke7 38. g4 Kf7 39. Rd2 Ne7 40. Nc3 Nc6 41. Rcd1 Ne7 42. h4 h5 43. gxh5 gxh5 44. Rg2 Ng6 45. Rg5 Nxh4 46. Rxh5 Nf3 47. Rh7+ Ke8 48. Rxd7 Kxd7 49. d5 Rc8 50. dxe6+ Kxe6 51. Rd6+ Ke7 52. Nd5+ Kf7 53. Rd7+ Ke6 54. Rd6+ Kf7 55. Nc7 Ke7 56. Rh6 Rb8 57. Rh7+ Kf6 58. Nd5+ Ke6 59. Nc7+ Kf6 60. a4 Ne1 61. a5 Nd3 62. Nd5+ Ke6 63. Nc7+ Kf6 64. c6 bxc6 65. Rh6+ Ke7 66. Rxc6 Kd7 67. Rf6 Nb4 68. Rxf5 Rh8 69. Kxe4 Kc6 70. Rf6+ Kb7 71. Re6 Nc6 72. Nd5 Nxa5 73. Re7+ Kc6 74. Rc7+ Kd6 75. f5 Re8+ 76. Kd4 Nc6+ 77. Kc4 Re4+ 78. Kd3 Rd4+ 79. Ke3 Rxd5 80. Ra7 Nxa7 81. bxa7 Re5+ 82. Kd4 Re8 83. f6 Ra8 84. f7 Ke7 85. Kc5 Rxa7 86. Kb6 Ra8 0-1


[Site "https://www.chess.com"]

[Event "Titled Tuesday Blitz April 26 Early 2022"]
[White "Ambartsumova, Karina"]
[Black "Dudzinski, Pawel"]
[WhiteFideId "4166299"]
[BlackFideId "1117890"]
[WhiteElo "2262"]
[BlackElo "2033"]
[Result "1-0"]
[Round "03"]
[TimeControl "180+1"]
[Date "2022.04.26"]
[WhiteClock "0:01:03"]
[BlackClock "0:01:56"]

1. e4 c6 2. Ne2 d5 3. e5 c5 4. c3 Nc6 5. d4 cxd4 6. cxd4 Bg4 7. Nbc3 e6 8. Be3 Bxe2 9. Bxe2 Qb6 10. O-O Nge7 11. Bd3 Ng6 12. f4 Bb4 13. Qd2 Nge7 14. a3 Bxc3 15. bxc3 Qa5 16. Rfb1 b6 17. a4 a6 18. Qb2 Rb8 19. Bd2 b5 20. axb5 Qc7 21. Rxa6 O-O 22. Qa3 Nd8 23. Ra7 Nb7 24. b6 Qd8 25. Ba6 Qc8 26. Qxe7 1-0


[Site "https://www.chess.com"]

[Event "Titled Tuesday Blitz April 26 Early 2022"]
[White "Araujo Sanchez, Josue"]
[Black "Demin, Vladimir"]
[WhiteFideId "6416896"]
[BlackFideId "4167457"]
[WhiteElo "2339"]
[BlackElo "2373"]
[Result "0-1"]
[Round "03"]
[TimeControl "180+1"]
[Date "2022.04.26"]
[WhiteClock "0:00:33"]
[BlackClock "0:00:28"]

1. d4 Nf6 2. c3 d5 3. Bf4 c5 4. e3 Nc6 5. Nd2 e6 6. Ngf3 Bd6 7. Ne5 O-O 8. Bd3 Qc7 9. Ndf3 Ne4 10. Nxc6 bxc6 11. Bxd6 Qxd6 12. O-O Rb8 13. Qc2 f5 14. Ne5 c4 15. Bxe4 fxe4 16. f3 exf3 17. Rxf3 Rxf3 18. gxf3 Bd7 19. Kh1 Rf8 20. Rg1 Be8 21. Qg2 Qe7 22. Qh3 Rf5 23. Rg3 Qf6 24. Qg4 Kh8 25. Qh3 Rh5 26. Qg4 Rf5 27. Kg2 Kg8 28. Qh3 Kh8 29. Rg4 Bh5 30. Rh4 g6 31. Qg3 Rg5 32. Rf4 Rxg3+ 33. hxg3 Qe7 34. g4 g5 35. Nxc6 Qg7 36. Nd8 gxf4 37. Nxe6 Qe7 38. Nxf4 Bf7 0-1


[Site "https://www.chess.com"]

[Event "Titled Tuesday Blitz April 26 Early 2022"]
[White "Atakhan, Abtin"]
[Black "Kuznetsov, Mikhail"]
[WhiteFideId "22502203"]
[BlackFideId "4117190"]
[WhiteElo "2094"]
[BlackElo "1981"]
[Result "1-0"]
[Round "03"]
[TimeControl "180+1"]
[Date "2022.04.26"]
[WhiteClock "0:00:14"]
[BlackClock "0:00:01"]

1. c4 Nf6 2. g3 g6 3. Bg2 Bg7 4. Nc3 O-O 5. Nf3 d5 6. cxd5 Nxd5 7. O-O Nc6 8. a3 e5 9. Nxd5 Qxd5 10. d3 Be6 11. Ng5 Qd7 12. Nxe6 Qxe6 13. Rb1 Rad8 14. b4 Nd4 15. Be3 c6 16. Re1 a6 17. Bxd4 Rxd4 18. Qc2 Rfd8 19. a4 Qe7 20. b5 cxb5 21. axb5 a5 22. b6 a4 23. Qc7 R8d7 24. Qb8+ Bf8 25. Rec1 a3 26. Rc7 a2 27. Ra1 Qb4 28. Bh3 Qxb6 29. Bxd7 Qb1+ 30. Rc1 Qb2 31. Qxe5 Bg7 32. Qe8+ Bf8 33. Be6 fxe6 34. Qxe6+ Kh8 35. Qxa2 Qb6 36. Qf7 Rd8 37. Rab1 Qd6 38. Rxb7 1-0


[Site "https://www.chess.com"]

[Event "Titled Tuesday Blitz April 26 Early 2022"]
[White "Barria Zuniga, Daniel"]
[Black "Ovezdurdyyeva, Jemal"]
[WhiteFideId "3400816"]
[BlackFideId "14001888"]
[WhiteElo "2414"]
[BlackElo "1946"]
[Result "1/2-1/2"]
[Round "03"]
[TimeControl "180+1"]
[Date "2022.04.26"]
[WhiteClock "0:00:05"]
[BlackClock "0:00:10"]

1. c4 Nf6 2. Nc3 g6 3. e4 d6 4. d4 Bg7 5. Be2 O-O 6. Nf3 Nbd7 7. e5 Ne8 8. exd6 cxd6 9. O-O b6 10. d5 Nc5 11. Nd4 Bb7 12. Be3 Nc7 13. Rc1 e6 14. b4 N5a6 15. b5 Nc5 16. Nc6 Qd7 17. Qd2 a6 18. Rfd1 exd5 19. Nxd5 Nxd5 20. Qxd5 axb5 21. cxb5 Rfc8 22. Qxd6 Bxc6 23. bxc6 Qxd6 24. Rxd6 Rxa2 25. c7 Rxc7 26. Rd8+ Bf8 27. Bh6 Ne6 28. Rxf8+ Nxf8 29. Rxc7 Rxe2 30. g3 Re8 31. Rb7 Ne6 32. Rxb6 Rd8 33. Kg2 Nd4 34. Be3 Nf5 35. Bg5 Rc8 36. Bf6 Re8 37. g4 Ng7 38. Kg3 h6 39. h4 Ne6 40. f3 g5 41. h5 Kh7 42. Rb7 Kg8 43. Bb2 Nf4 44. Rb6 Ne2+ 45. Kf2 Kh7 46. Kf1 Nf4 47. Kf2 Nd3+ 48. Kf1 Nxb2 49. Rxb2 Rd8 50. Kf2 Rd3 51. Re2 Ra3 52. Kg2 Kg7 53. Re4 Ra2+ 54. Kg3 Ra3 55. Re5 Ra4 56. Rf5 Ra3 57. Rb5 Ra1 58. Rb4 Ra3 59. Kf2 Ra2+ 60. Kg3 Ra3 61. Rb2 Ra1 62. Re2 Ra3 63. Kf2 Ra1 64. Re4 Ra2+ 65. Kg3 Ra3 66. Kg2 Ra2+ 67. Kg3 1/2-1/2


[Site "https://www.chess.com"]

[Event "Titled Tuesday Blitz April 26 Early 2022"]
[White "Bas Mas, Jose Joaquin"]
[Black "Schekachikhin, Maksim"]
[WhiteFideId "22219064"]
[BlackFideId "24177830"]
[WhiteElo "2212"]
[BlackElo "2230"]
[Result "1/2-1/2"]
[Round "03"]
[TimeControl "180+1"]
[Date "2022.04.26"]
[WhiteClock "0:00:07"]
[BlackClock "0:00:07"]

1. e4 c5 2. Nc3 a6 3. g3 b5 4. Bg2 Bb7 5. d3 e6 6. Nh3 d5 7. O-O Nf6 8. Bg5 d4 9. Ne2 Qc7 10. a4 Be7 11. axb5 axb5 12. Rxa8 Bxa8 13. Bxf6 Bxf6 14. f4 O-O 15. f5 exf5 16. Rxf5 Nd7 17. Qf1 c4 18. Nhf4 cxd3 19. cxd3 Be5 20. Nd5 Bxd5 21. exd5 Nc5 22. Qd1 f6 23. Qc2 Qd6 24. Nf4 Bxf4 25. Rxf4 Qb6 26. b4 Na4 27. Qc6 Rd8 28. Qxb6 Nxb6 29. Rxd4 Kf7 30. Kf2 Ke7 31. Re4+ Kf7 32. Re6 Nxd5 33. Bxd5 Rxd5 34. Rb6 Rxd3 35. Rxb5 Rd2+ 36. Kg1 g5 37. Rb7+ Kg6 38. b5 h5 39. b6 Rb2 40. Rb8 Kf5 41. h3 h4 42. gxh4 gxh4 43. b7 Kf4 44. Rf8 Rxb7 45. Rxf6+ Kg3 46. Rg6+ Kxh3 47. Kf2 Rb2+ 48. Kf3 Rb1 49. Kf2 Rb8 50. Rf6 Kh2 51. Rf4 h3 52. Rg4 Rf8+ 53. Ke2 Kh1 54. Rg3 Kh2 55. Rg4 Rf6 56. Rg5 Ra6 57. Kf2 Ra2+ 58. Kf1 Rg2 59. Rh5 Kg3 60. Rg5+ Kh2 61. Rh5 Rg4 62. Kf2 Rg2+ 63. Kf1 1/2-1/2


[Site "https://www.chess.com"]

[Event "Titled Tuesday Blitz April 26 Early 2022"]
[White "Bashirli, Saadat"]
[Black "Bachmann, Axel"]
[WhiteFideId "13429990"]
[BlackFideId "3700488"]
[WhiteElo "1173"]
[BlackElo "2587"]
[Result "1-0"]
[Round "03"]
[TimeControl "180+1"]
[Date "2022.04.26"]
[WhiteClock "0:00:07"]
[BlackClock "0:00:06"]

1. d4 Nf6 2. Bg5 c5 3. d5 g6 4. Nc3 d6 5. Nf3 Bg7 6. e4 h6 7. Bxf6 Bxf6 8. Bb5+ Nd7 9. a4 O-O 10. O-O Qa5 11. Qd2 Bg7 12. Qe3 a6 13. Be2 Kh7 14. Nd2 Qc7 15. Nc4 b6 16. Kh1 Bb7 17. f4 Rae8 18. e5 dxe5 19. fxe5 Nxe5 20. Nxe5 Qxe5 21. Qd2 Rd8 22. Rae1 Bxd5 23. Bd3 Qd4 24. Rf4 Bxg2+ 25. Kxg2 Qd6 26. Rfe4 e5 27. Qf2 f5 28. Rh4 e4 29. Bc4 Bf6 30. Rh3 Bd4 31. Qh4 Bg7 32. Rd1 Qc7 33. Re1 Rd2+ 34. Re2 Rfd8 35. Qf2 Rxe2 36. Qxe2 Qf4 37. Nd5 Qg5+ 38. Rg3 Qh4 39. Qf2 Be5 40. Rh3 Qg4+ 41. Rg3 Bxg3 42. hxg3 b5 43. Nf6+ Kg7 44. Nxg4 bxc4 45. Ne5 Kf6 46. Nxc4 Rd4 47. Ne3 a5 48. b3 Ke5 49. Nc4+ Kf6 50. Qe3 g5 51. Nxa5 f4 52. gxf4 gxf4 53. Qxf4+ Kg6 54. Qg4+ Kf6 55. Qe2 Ke5 56. Nc4+ Kf4 57. a5 Rd5 58. Qe3+ Kf5 59. a6 Ke6 60. a7 Rg5+ 61. Qxg5 hxg5 62. a8=Q e3 63. Qe4+ Kf6 64. Qxe3 Kf5 65. Qf3+ Kg6 66. Qc6+ Kh5 67. Qe8+ Kh4 68. Qe4+ g4 69. Ne5 Kh5 70. Qxg4+ Kh6 71. Qg6# 1-0


[Site "https://www.chess.com"]

[Event "Titled Tuesday Blitz April 26 Early 2022"]
[White "Begunov, Konstantin"]
[Black "Vlassov, Nikolai"]
[WhiteFideId "4118510"]
[BlackFideId "4103360"]
[WhiteElo "2262"]
[BlackElo "2407"]
[Result "0-1"]
[Round "03"]
[TimeControl "180+1"]
[Date "2022.04.26"]
[WhiteClock "0:00:05"]
[BlackClock "0:00:27"]

1. d4 Nf6 2. c4 Nc6 3. Nc3 e5 4. d5 Ne7 5. h4 Neg8 6. e4 Bc5 7. Bd3 d6 8. b4 Bb6 9. Na4 Bd4 10. Rb1 Ng4 11. Nh3 Qxh4 12. Qe2 Qe7 13. Bb2 Bxb2 14. Nxb2 N8f6 15. f3 Nh6 16. g4 Nhg8 17. Rc1 a5 18. a3 axb4 19. axb4 h5 20. Nf2 Nd7 21. gxh5 Qg5 22. Kd1 Rxh5 23. Kc2 Ngf6 24. Rcg1 Qh6 25. Ng4 Qh7 26. Rxh5 Nxh5 27. Qh2 g6 28. Rh1 Qg7 29. Kb3 Ndf6 30. Be2 Ke7 31. Ne3 Nf4 32. Bf1 Bd7 33. Nd3 Nxd3 34. Bxd3 Nh5 35. Bf1 Nf4 36. Qh4+ Qf6 37. Qh7 Nh5 38. Bh3 Qxf3 39. Rf1 Qxe3+ 40. Kb2 Qd2+ 41. Kb1 Qxb4+ 42. Kc2 Ra2+ 43. Kd3 Qd2# 0-1


[Site "https://www.chess.com"]

[Event "Titled Tuesday Blitz April 26 Early 2022"]
[White "Belenkaya, Dina"]
[Black "Piliczewski, Bogusz"]
[WhiteFideId "24142654"]
[BlackFideId "1104144"]
[WhiteElo "2196"]
[BlackElo "1896"]
[Result "1-0"]
[Round "03"]
[TimeControl "180+1"]
[Date "2022.04.26"]
[WhiteClock "0:00:06"]
[BlackClock "0:00:02"]

1. Nf3 d5 2. g3 Nf6 3. Bg2 Bf5 4. O-O e6 5. d3 h6 6. Nbd2 Be7 7. Re1 O-O 8. c3 c5 9. Qc2 Nc6 10. e4 Bh7 11. Nh4 c4 12. dxc4 dxe4 13. Nxe4 Nxe4 14. Bxe4 Bxe4 15. Rxe4 f5 16. Rxe6 Bxh4 17. gxh4 Qxh4 18. Rg6 Ne5 19. Rg3 Ng4 20. Bf4 Qxh2+ 21. Kf1 Qh1+ 22. Rg1 Qf3 23. Bc1 Nh2+ 24. Ke1 Rae8+ 25. Be3 f4 26. Qg6 Rxe3+ 27. fxe3 Qxe3+ 28. Kd1 Rd8+ 29. Kc2 Rd2+ 30. Kb3 Qb6+ 31. Qxb6 axb6 32. Rad1 Rxd1 33. Rxd1 g5 34. c5 bxc5 35. Kc4 Kf7 36. Kxc5 Kf6 37. Kb6 f3 38. Rd2 Ng4 39. c4 f2 40. Rd1 Ne3 41. Rc1 f1=Q 42. Rxf1+ Nxf1 43. Kxb7 g4 44. c5 g3 45. c6 g2 46. c7 g1=Q 47. c8=Q 1-0


[Site "https://www.chess.com"]

[Event "Titled Tuesday Blitz April 26 Early 2022"]
[White "Belozerov, Andrei"]
[Black "Pranav, V"]
[WhiteFideId "4120213"]
[BlackFideId "25060783"]
[WhiteElo "2320"]
[BlackElo "2349"]
[Result "0-1"]
[Round "03"]
[TimeControl "180+1"]
[Date "2022.04.26"]
[WhiteClock "0:00:11"]
[BlackClock "0:00:18"]

1. e4 e5 2. Nf3 Nc6 3. Bb5 a6 4. Ba4 d6 5. c3 Bd7 6. d4 g6 7. O-O Bg7 8. Re1 Nf6 9. d5 Ne7 10. c4 O-O 11. Nc3 Bc8 12. b4 a5 13. a3 h6 14. c5 g5 15. Nd2 Ng6 16. Nc4 Bg4 17. f3 axb4 18. axb4 Bc8 19. Ne3 Ne7 20. Bd2 Nh5 21. Bc2 Rb8 22. Nf5 Nf4 23. g3 Nfg6 24. Be3 Nxf5 25. exf5 e4 26. Nxe4 Bxf5 27. Bd4 Ne5 28. Nd2 Bd7 29. f4 gxf4 30. gxf4 Qh4 31. Bxe5 dxe5 32. f5 e4 33. Nxe4 Be5 34. Re2 Kh8 35. Ra3 Rg8+ 36. Kh1 Bxf5 37. Qf1 Bg4 38. Rg2 f5 39. Ng3 Bh3 40. Bxf5 Rbf8 41. Rf3 Bxg2+ 42. Kxg2 Rxf5 43. Rxf5 Rxg3+ 44. Kh1 Qe4+ 0-1


[Site "https://www.chess.com"]

[Event "Titled Tuesday Blitz April 26 Early 2022"]
[White "Bethke, Richard"]
[Black "Mirzoev, Azer"]
[WhiteFideId "12959243"]
[BlackFideId "13400304"]
[WhiteElo "2535"]
[BlackElo "2525"]
[Result "0-1"]
[Round "03"]
[TimeControl "180+1"]
[Date "2022.04.26"]
[WhiteClock "0:00:06"]
[BlackClock "0:00:10"]

1. e4 c6 2. Nf3 d5 3. Nc3 Nf6 4. e5 Ne4 5. Ne2 Qb6 6. d4 e6 7. Ng3 c5 8. Nxe4 dxe4 9. Ng5 cxd4 10. Nxe4 Nc6 11. f4 Bb4+ 12. Bd2 O-O 13. Bd3 Bxd2+ 14. Qxd2 Qxb2 15. O-O Qb4 16. Qf2 h6 17. Nf6+ Kh8 18. Ng4 Ne7 19. Rab1 Qc5 20. Rb5 Qc7 21. Qxd4 Nf5 22. Bxf5 exf5 23. Ne3 Be6 24. Qd6 Rac8 25. c4 b6 26. Rc1 Rfd8 27. Qxc7 Rxc7 28. Rc2 Rd4 29. g3 g5 30. fxg5 hxg5 31. c5 bxc5 32. Rbxc5 Rxc5 33. Rxc5 Rd3 34. Nf1 Ra3 35. Nd2 Kg7 36. Rc7 a5 37. Ra7 Rxa2 38. Nf3 Ra1+ 39. Kf2 Kg6 40. h4 Ra2+ 41. Ke3 Ra3+ 42. Kf2 gxh4 43. gxh4 f4 44. Nd4 Ra4 45. Nc6 Ra2+ 46. Kf3 Bd5+ 47. Kxf4 Bxc6 48. Ra6 Ra4+ 49. Ke3 Rc4 50. Rxa5 Bd7 51. h5+ Kg7 52. Kf3 Be6 53. Ra3 Rb4 54. Kg3 Kh6 55. Re3 Kxh5 56. Re1 Kg5 57. Rf1 Rb3+ 58. Kg2 Kg4 59. Re1 Rb2+ 60. Kg1 Kf3 61. Rd1 Ke3 62. Rc1 Rd2 63. Rc3+ Rd3 64. Rc1 Rd5 65. Re1+ Kf4 66. Kf2 Rxe5 67. Ra1 Kf5 68. Ra4 Re4 69. Kf3 Rxa4 0-1


[Site "https://www.chess.com"]

[Event "Titled Tuesday Blitz April 26 Early 2022"]
[White "Biletskiy, Danylo"]
[Black "Haukenfrers, Dale"]
[WhiteFideId "14155419"]
[BlackFideId "2603780"]
[WhiteElo "2087"]
[BlackElo "2035"]
[Result "0-1"]
[Round "03"]
[TimeControl "180+1"]
[Date "2022.04.26"]
[WhiteClock "0:01:35"]
[BlackClock "0:01:35"]

1. e4 c6 2. d4 d6 3. f3 e6 4. Nc3 Nf6 5. Be3 d5 6. e5 Nfd7 7. f4 Bb4 8. Nf3 Nb6 9. Qd2 Nc4 10. Bxc4 dxc4 11. a3 Qa5 12. O-O Bxc3 13. bxc3 Nd7 14. Ng5 Nb6 15. Ne4 O-O 16. Nd6 Nd5 17. Nxc4 Qxc3 18. Qxc3 Nxc3 19. Bd2 Na4 20. Bb4 Rd8 21. Nd6 b6 22. Rf3 Ba6 23. f5 c5 24. dxc5 Nxc5 25. Bxc5 bxc5 26. fxe6 fxe6 27. Rb1 Rab8 28. Rfb3 Rxb3 29. Rxb3 Rf8 30. g3 h6 31. Kg2 Bf1+ 32. Kg1 Bh3 33. Rb1 Rf3 34. a4 Ra3 35. Rb8+ Kh7 36. Rc8 Rf3 37. Rf8 Rxf8 0-1


[Site "https://www.chess.com"]

[Event "Titled Tuesday Blitz April 26 Early 2022"]
[White "Bilych, Olexiy"]
[Black "Bortnyk, Olexandr"]
[WhiteFideId "14156504"]
[BlackFideId "14120828"]
[WhiteElo "2176"]
[BlackElo "2723"]
[Result "1-0"]
[Round "03"]
[TimeControl "180+1"]
[Date "2022.04.26"]
[WhiteClock "0:00:13"]
[BlackClock "0:00:04"]

1. e4 d6 2. d4 Nf6 3. Nc3 Nbd7 4. Nf3 e5 5. Rg1 g6 6. g4 Bg7 7. g5 Nh5 8. Be3 O-O 9. Qd2 b6 10. O-O-O Bb7 11. Kb1 Re8 12. d5 a6 13. h4 b5 14. Be2 Qe7 15. Ne1 Nf4 16. Nd3 Nc5 17. Nb4 a5 18. Nc6 Bxc6 19. dxc6 b4 20. Nd5 Nxd5 21. Qxd5 Ne6 22. Bc4 Nf4 23. Qd2 Kh8 24. Rh1 a4 25. Qxb4 a3 26. b3 f5 27. h5 Qxg5 28. Rdg1 Qf6 29. hxg6 h6 30. f3 d5 31. exd5 e4 32. c3 Rab8 33. Qc5 Qxc3 34. Rxh6+ Kg8 35. d6+ Ne6 36. Bxe6+ Rxe6 37. Qxc3 Bxc3 38. d7 exf3 39. g7 Rxh6 40. Bxh6 f2 41. Rf1 Bd4 42. Kc2 Kf7 43. Bg5 Kxg7 44. d8=Q Rxd8 45. Bxd8 Kf7 46. Bh4 Ke6 47. Bxf2 Bb2 48. Rd1 f4 49. Rd7 Be5 50. Kd3 Kf5 51. Bd4 f3 52. Bxe5 Kxe5 53. Ke3 f2 54. Kxf2 Ke6 55. Rxc7 Kd6 56. Ra7 Kc5 57. Rxa3 1-0


[Site "https://www.chess.com"]

[Event "Titled Tuesday Blitz April 26 Early 2022"]
[White "Blokhin, Sofia"]
[Black "Jaskolka, Tomasz"]
[WhiteFideId "4508190"]
[BlackFideId "1170791"]
[WhiteElo "1764"]
[BlackElo "2073"]
[Result "0-1"]
[Round "03"]
[TimeControl "180+1"]
[Date "2022.04.26"]
[WhiteClock "0:00:52"]
[BlackClock "0:00:51"]

1. d4 Nf6 2. c4 e6 3. Nc3 Bb4 4. Nf3 O-O 5. Qc2 d6 6. a3 Bxc3+ 7. Qxc3 b6 8. e3 Bb7 9. Bd3 Nbd7 10. b4 Re8 11. Qc2 e5 12. Ng5 h6 13. Nxf7 Kxf7 14. Bg6+ Kg8 15. Bxe8 Qxe8 16. d5 a5 17. Bb2 b5 18. e4 bxc4 19. Qxc4 Ba6 20. b5 Nb6 21. Qxc7 Qxb5 22. Qc2 Rc8 23. a4 Qb4+ 24. Qd2 Qxe4+ 25. Qe3 Qxg2 26. Kd2 Nc4+ 0-1


[Site "https://www.chess.com"]